 Dungeon Crawl Stone Soup version 0.31-a0-1343-gcd514f47d3 (webtiles) character file.

Game seed: 445878801153166313

47 James the Gusty (level 3, 0/26 HPs)
             Began as a Gnoll Wanderer on Dec 22, 2023.
             Was a Follower of Nemelex Xobeh.
             Succumbed to an adder's poison
             ... on level 3 of the Dungeon.
             The game lasted 00:08:55 (2434 turns).

James the Gusty (Gnoll Wanderer)                    Turns: 2434, Time: 00:08:56

Health: 0/26       AC:  4    Str: 11    XL:     3   Next: 70%
Magic:  6/7        EV:  8    Int: 14    God:    Nemelex Xobeh [*.....]
Gold:   56         SH:  0    Dex: 10    Spells: 4/7 levels left

rFire   . . .        a - +0 dagger
rCold   . . .        (no shield)
rNeg    . . .        u - +0 leather armour
rPois   .            (no helmet)
rElec   .            s - +0 cloak
rCorr   .            (no gloves)
SInv    .            (no boots)
Will    .....        (no amulet)
Stlth   ++           (no ring)
HPRegen 0.24/turn    (no ring)
MPRegen 0.10/turn

%: no passive effects
@: mighty, lethally poisoned (0 -> -3), weakened, constricted
A: fangs 1, strong nose, distributed training
a: Renounce Religion, Draw Escape, Draw Destruction, Draw Summoning


You were on level 3 of the Dungeon.
You worshipped Nemelex Xobeh.
Nemelex Xobeh was aware of your devotion.
You visited 1 branch of the dungeon, and saw 3 of its levels.

You collected 56 gold pieces.

Inventory:

Hand Weapons
 a - a +0 dagger (weapon)
 k - a +0 mace
   (You found it on level 1 of the Dungeon)
 m - a +0 whip
   (You found it on level 1 of the Dungeon)
 q - a +0 sling
   (You found it on level 1 of the Dungeon)
 y - a +0 trident
   (You found it on level 2 of the Dungeon)
Missiles
 i - 26 stones
 t - 3 poisoned darts
Armour
 b - a +0 ring mail
 f - a +0 chain mail
   (You found it on level 1 of the Dungeon)
 h - a +0 scale mail
   (You found it on level 1 of the Dungeon)
 p - a +0 chain mail
   (You found it on level 1 of the Dungeon)
 s - a +0 cloak (worn)
   (You found it on level 1 of the Dungeon)
 u - a +0 leather armour (worn)
   (You found it on level 1 of the Dungeon)
 v - a +0 ring mail
   (You found it on level 2 of the Dungeon)
 w - a +0 ring mail
   (You found it on level 2 of the Dungeon)
Talismans
 o - a beast talisman
   (You found it on level 1 of the Dungeon)
Scrolls
 c - 2 scrolls of fog
Potions
 d - 2 potions of attraction {!q}
 j - a potion of ambrosia {unknown}
 n - a potion of magic
 x - a potion of enlightenment
 z - a potion of haste {unknown}


   Skills:
 + Level 1.0 Fighting
 + Level 1.0 Short Blades
 + Level 1.0 Long Blades
 + Level 1.0 Axes
 + Level 1.0 Maces & Flails
 + Level 1.0 Polearms
 + Level 1.0 Staves
 + Level 1.0 Ranged Weapons
 + Level 1.0 Throwing
 + Level 4.6 Armour
 + Level 1.0 Dodging
 + Level 4.2 Stealth
 + Level 1.0 Shields
 + Level 1.0 Unarmed Combat
 + Level 2.9 Spellcasting
 + Level 0.7 Conjurations
 + Level 0.7 Hexes
 + Level 0.7 Summonings
 + Level 0.7 Necromancy
 + Level 0.7 Translocations
 + Level 0.7 Fire Magic
 + Level 0.7 Ice Magic
 + Level 7.1 Air Magic
 + Level 0.7 Earth Magic
 + Level 0.7 Alchemy
 + Level 2.7 Invocations
 + Level 1.0 Evocations
 + Level 0.8 Shapeshifting


You had 4 spell levels left.
You knew the following spells:

 Your Spells              Type           Power      Damage    Failure   Level
a - Shock                 Conj/Air       52%        1d6       5%          1
b - Mercury Vapours       Alch/Air       26%        N/A       9%          2

Your spell library contained the following spells:

 Spells                   Type           Power      Damage    Failure   Level
 Swiftness                Air            22%        N/A       4%          3
 Kiss of Death            Conj/Necr      16%        2d6       21%         1
 Confusing Touch          Hex            4%         N/A       52%         3
 Fugue of the Fallen      Necr           4%         N/A       52%         3
 Ozocubu's Armour         Ice            4%         N/A       52%         3
 Dispel Undead            Necr           4%         3d7       90%         4
 Manifold Assault         Tloc           4%         N/A       90%         4


Dungeon Overview and Level Annotations

Branches:
Dungeon (3/15)

Altars:
Nemelex Xobeh

Shops:
D:2 ?*(


Innate Abilities, Weirdness & Mutations

You have very sharp teeth.
Your uncanny sense of smell can sniff out nearby items.
Your experience applies equally to all skills.


Message History

The rat bites you but does no damage.
You hit the adder but do no damage. Your bite misses the adder.
The adder closely misses you. The ball python bites you.
The ball python constricts you. The rat barely misses you.
The ball python bites you. The ball python constricts you.
The adder bites you but does no damage.
You miss the adder. The rat barely misses you. The adder barely misses you.
The ball python bites you but does no damage.
The ball python constricts you.
You closely miss the adder. Your bite misses the adder.
The adder bites you but does no damage. The ball python barely misses you.
The ball python constricts you. The rat bites you but does no damage.
You hit the adder but do no damage. Your bite misses the adder.
The adder is no longer weakened.
The adder closely misses you. The ball python bites you.
The ball python constricts you. The rat completely misses you.
You hit the adder. Your bite misses the adder. The adder closely misses you.
The ball python barely misses you. The ball python constricts you.
The rat bites you but does no damage. The adder bites you.
You miss the adder. The ball python bites you. The ball python constricts you.
The adder misses you. The rat bites you but does no damage.
You barely miss the adder. The ball python bites you.
* * * LOW HITPOINT WARNING * * *
The ball python constricts you.
* * * LOW HITPOINT WARNING * * *
The adder barely misses you. The rat bites you but does no damage.
You closely miss the adder. The ball python bites you.
* * * LOW HITPOINT WARNING * * *
The ball python constricts you. The adder bites you.
* * * LOW HITPOINT WARNING * * *
You are poisoned.
The adder poisons you! The ball python bites you.
* * * LOW HITPOINT WARNING * * *
The ball python constricts you.
* * * LOW HITPOINT WARNING * * *
The rat bites you but does no damage.
Unknown command.
The ball python's grasp on you weakens, but your attempt to escape fails.
You feel sick. The adder bites you.
* * * LOW HITPOINT WARNING * * *
The ball python bites you but does no damage.
The ball python constricts you.
* * * LOW HITPOINT WARNING * * *
The rat bites you but does no damage. The adder barely misses you.
Okay, then.
Unknown command.
It was a potion of might.
You feel very mighty all of a sudden.
You die...
Your body disappears without a glow.

....##.#####.#.#.
####..#......<#.#.
..##.............
∆...#...........#.
∆#..#.###########.
# ##.##.####
#<###.
#..####..#..>..#
#.....
##.....rS......#
#####.
..!...S@.......#
#.
...............#
#.
...............#
#.
################
#.## #... #.## ∆
#.## #.## #####.##


You could see an adder (poisoned), a ball python and a rat (weak).

Vanquished Creatures
  2 worms (D:2)
  A dart slug (D:1)
  4 ball pythons
  2 endoplasms
  4 giant cockroaches
  3 goblins (D:1)
  4 hobgoblins
  6 kobolds
  2 quokkas (D:1)
  3 bats
  A frilled lizard (D:2)
  3 rats (D:1)
35 creatures vanquished.

Notes
Turn   | Place    | Note
-------+----------+-------------------------------------------
     0 | D:1      | James the Gnoll Wanderer began the quest for the Orb.
     0 | D:1      | James set off with the following items: a +0 dagger, a +0
                  | ring mail, a scroll of fog, a potion of attraction {!q};
                  | and the following spell memorised: Shock; and the following
                  | spells available to memorise: Swiftness, Mercury Vapours.
     0 | D:1      | Reached XP level 1. HP: 13/13 MP: 4/4
   285 | D:1      | Reached XP level 2. HP: 14/19 MP: 5/5
   289 | D:1      | Learned a level 2 spell: Mercury Vapours
   644 | D:1      | Found a faded altar of an unknown god.
  1074 | D:1      | Reached XP level 3. HP: 24/25 MP: 7/7
  1143 | D:1      | Prayed at the altar of an unknown god.
  1143 | D:1      | Became a worshipper of Nemelex Xobeh the Trickster
  1143 | D:1      | Reached * piety under Nemelex Xobeh
  1851 | D:2      | Found Jeirruosk's Weapon Shoppe.
  1952 | D:2      | Received a gift from Nemelex Xobeh
  1953 | D:2      | Found Gostrax's Assorted Antiques.
  1974 | D:2      | Reached skill level 1 in Fighting
  1974 | D:2      | Reached skill level 1 in Short Blades
  1974 | D:2      | Reached skill level 1 in Long Blades
  1974 | D:2      | Reached skill level 1 in Axes
  1974 | D:2      | Reached skill level 1 in Maces & Flails
  1974 | D:2      | Reached skill level 1 in Polearms
  1974 | D:2      | Reached skill level 1 in Staves
  1974 | D:2      | Reached skill level 1 in Ranged Weapons
  1974 | D:2      | Reached skill level 1 in Throwing
  1974 | D:2      | Reached skill level 1 in Dodging
  1974 | D:2      | Reached skill level 1 in Shields
  1974 | D:2      | Reached skill level 1 in Unarmed Combat
  1974 | D:2      | Reached skill level 1 in Evocations
  2024 | D:2      | Found a transporter.
  2024 | D:2      | Found Lofouj's Magic Scroll Emporium.
  2026 | D:2      | Found a transporter.
  2433 | D:3      | HP: 1/26 [constriction (1)]
  2434 | D:3      | Succumbed to an adder's poison

Illustrated notes

Levels and vault maps discovered:
D:1:      wheals_arrival_shading, layout_basic,
          hellmonk_ecumenical_altar_arch_garden
D:2:      layout_basic, serial_shops, nicolae_shop_tiny_real_fake_doors,
          nicolae_shop_drivethru, nicolae_shop_stone, minmay_misc_feat_room
D:3:      layout_basic, portal_sewer_entry_d, minmay_close_crescents

Skill      XL: |  1  2  3 |
---------------+----------+-----
Fighting       | 1 |  1.0
Short Blades   | 1 |  1.0
Long Blades    | 1 |  1.0
Axes           | 1 |  1.0
Maces & Flails | 1 |  1.0
Polearms       | 1 |  1.0
Staves         | 1 |  1.0
Ranged Weapons | 1 |  1.0
Throwing       | 1 |  1.0
Dodging        | 1 |  1.0
Shields        | 1 |  1.0
Unarmed Combat | 1 |  1.0
Evocations     | 1 |  1.0
Armour         | |  4.6
Stealth        | |  4.2
Spellcasting   | |  2.9
Conjurations   | |  0.7
Hexes          | |  0.7
Summonings     | |  0.7
Necromancy     | |  0.7
Translocations | |  0.7
Fire Magic     | |  0.7
Ice Magic      | |  0.7
Air Magic      | |  7.1
Earth Magic    | |  0.7
Alchemy        | |  0.7
Invocations    | |  2.7
Shapeshifting  | |  0.8

Action                     || total
---------------------------++-------
  Melee: Dagger            ||   157
         Bite              ||    10
         Punch             ||     1
   Cast: Mercury Vapours   ||    16
    Use: Scroll            ||     4
         Potion            ||     1
   Stab: Sleeping          ||     5
 Armour: Ring mail         ||    20
         Leather armour    ||    69
  Dodge: Dodged            ||    82

Table legend: (Time is in decaauts)
 A = Elapsed time spent in this place.
 B = Non-inter-level travel time spent in this place.
 C = Inter-level travel time spent in this place.
 D = Time resting spent in this place.
 E = Time spent auto-exploring this place.
 F = Levels seen in this place.
 G = Mean time per level.
                   A        B        C        D        E       F      G
               +--------+--------+--------+--------+--------+-----+--------+
         Total |   2429 |   2343 |     86 |     64 |   1605 |   3 |  809.7 |
       Dungeon |   2429 |   2343 |     86 |     64 |   1605 |   3 |  809.7 |
               +--------+--------+--------+--------+--------+-----+--------+

Top non-repeatable levels by time:
     D:1: 1377 daAuts
     D:2: 853 daAuts
     D:3: 198 daAuts
